 Dungeon Crawl Stone Soup version 0.31-a0-167-g1c394c0614 (webtiles) character file.

Game seed: 7123323608878705802

415 qw the Shooter (level 6, -2/53 (57) HPs)
             Began as a Naga Hunter on June 14, 2023.
             Slain by Pikel
             ... wielding a +0 whip of freezing
              (4 damage)
             ... on level 4 of the Dungeon.
             The game lasted 00:01:13 (2591 turns).

qw the Shooter (Naga Hunter)                        Turns: 2591, Time: 00:01:14

HP:   -2/53 (57)    AC:  6    Str: 13    XL:     6   Next: 91%
MP:   6/6           EV: 15    Int:  9    God:
Gold: 136           SH:  0    Dex: 17    Spells: 5/5 levels left

rFire   . . .        Y - +0 shortbow
rCold   . . .        (shield currently unavailable)
rNeg    . . .        a - +2 robe
rPois   +            b - +0 helmet
rElec   .            (no cloak)
rCorr   .            (no gloves)
SInv    +            (no barding)
Will    .....        (no amulet)
Stlth   ++           j - +5 ring of evasion
HPRegen 0.28/turn    (no ring)
MPRegen 0.10/turn

%: no passive effects
@: short of breath, drained, very slow
A: AC +2, large, see invisible, deformed body, poison resistance, slowness 2,
spit poison 1, naga tail 1
a: Spit Poison


You were on level 4 of the Dungeon.
You visited 1 branch of the dungeon, and saw 4 of its levels.

You collected 136 gold pieces.


Innate Abilities, Weirdness & Mutations

Your serpentine skin is tough. (AC +2)
You have supernaturally acute eyesight. (SInv)
Armour fits poorly on your strangely shaped body.
Your system is resistant to poisons. (rPois)
You cover ground very slowly.
You can spit poison.
You have a snake-like lower body.


   Skills:
 - Level 4.2 Fighting
 + Level 6.0 Ranged Weapons
 - Level 2.5 Dodging
 - Level 1.5 Stealth


You had 5 spell levels left.
You didn't know any spells.
Your spell library was empty.

Inventory:

Hand Weapons
 Y - a +0 shortbow (weapon)
Armour
 a - a +2 robe (worn)
 b - a +0 helmet (worn)
Jewellery
 j - a +5 ring of evasion (left hand)
Scrolls
 f - a scroll of identify
Potions
 h - 2 potions of curing

Dungeon Overview and Level Annotations

Branches:
Dungeon (4/15)
 Temple: D:4-7

Altars:
Trog

Shops:
D:4 :

Annotations:
D:3 3 runed translucent doors, qw's ghost, amateur GrFi; qw's ghost, amateur GrHu; qw's ghost, amateur NaHu
D:4 Pikel


Message History

You shoot an arrow. The arrow closely misses Pikel.
Pikel hits you with a +0 whip of freezing.
Pikel freezes you. The lemure barely misses you.
You shoot an arrow.
The arrow hits Pikel but does no damage.
Pikel is heavily wounded.
The lemure misses you. Pikel closely misses you.
You shoot an arrow.
The arrow hits Pikel but does no damage.
Pikel is heavily wounded.
The goblin hits you but does no damage. Pikel closely misses you.
The lemure barely misses you.
You shoot an arrow. The arrow completely misses Pikel.
The lemure hits you but does no damage.
Pikel hits you with a +0 whip of freezing.
Pikel freezes you. The goblin barely misses you.
You shoot an arrow.
The arrow hits Pikel but does no damage.
Pikel is heavily wounded.
You have got your breath back.
The lemure hits you but does no damage. The goblin hits you with a +0 dagger.
Pikel misses you.
2589 ||| INVOKING Spit Poison.
Aiming: Spit Poison (1% risk of failure)
Press: ? - help, Shift-Dir - straight line, f/p - Pikel The splash of poison hits Pikel but does no damage.
Pikel is poisoned.
Pikel is heavily wounded.
The goblin closely misses you. Pikel closely misses you.
The lemure closely misses you.
You shoot an arrow. The arrow closely misses Pikel.
The lemure barely misses you. The goblin misses you.
Pikel hits you with a +0 whip of freezing.
Pikel freezes you.
You shoot an arrow.
The arrow hits Pikel but does no damage.
Pikel is severely wounded.
The lemure hits you!
Pikel hits you with a +0 whip of freezing.
You die...

..... #%.. .....
#... ..... #...
.#... +... .[..^
#... ##... ##..z##
..... #...5K##
###########
#g@[#####..........
#.........#########
###########


You could see Pikel (poisoned), a lemure, a wight and a goblin.

Vanquished Creatures
  3 lemures (D:4)
  A phantom (D:4)
  2 wights (D:4)
  An orc priest (D:3)
  Jessica (D:2)
  7 gnolls (D:3)
  4 adders
  A worm (D:2)
  2 dart slugs
  3 orcs (D:3)
  3 endoplasms
  5 giant cockroaches
  6 goblins
  6 hobgoblins
  10 jackals
  3 quokkas
  7 ball pythons
  2 bats
  6 frilled lizards
  3 kobolds
  4 rats
80 creatures vanquished.

Notes
Turn   | Place    | Note
-------+----------+-------------------------------------------
     0 | D:1      | qw the Naga Hunter began the quest for the Orb.
     0 | D:1      | Reached XP level 1. HP: 19/19 MP: 1/1
     0 | D:1      | 0 ||| qw: Version: 0.2-a-29-g1fa15c8
     0 | D:1      | 0 ||| qw: Game counter: 4931
     0 | D:1      | 0 ||| qw: Always use a shield: true
     0 | D:1      | 0 ||| qw: God list: Okawaru
     0 | D:1      | 0 ||| qw: Allow faded altars: false
     0 | D:1      | 0 ||| qw: Do Orc after D:15 true
     0 | D:1      | 0 ||| qw: Do second Lair branch before Depths: true
     0 | D:1      | 0 ||| qw: Lair rune preference: random
     0 | D:1      | 0 ||| qw: Plans: Normal
     0 | D:1      | 0 ||| PLANNING D:1-11
    12 | D:1      | 12 ||| INVOKING Spit Poison.
    23 | D:1      | 23 ||| INVOKING Spit Poison.
    81 | D:1      | 81 ||| INVOKING Spit Poison.
    82 | D:1      | Reached skill level 4 in Ranged Weapons
    82 | D:1      | Reached XP level 2. HP: 26/26 MP: 2/2
   117 | D:1      | 117 ||| INVOKING Spit Poison.
   136 | D:1      | 136 ||| INVOKING Spit Poison.
   142 | D:1      | 142 ||| INVOKING Spit Poison.
   145 | D:1      | 145 ||| INVOKING Spit Poison.
   170 | D:1      | 170 ||| INVOKING Spit Poison.
   173 | D:1      | 173 ||| INVOKING Spit Poison.
   179 | D:1      | 179 ||| INVOKING Spit Poison.
   184 | D:1      | 184 ||| INVOKING Spit Poison.
   188 | D:1      | Reached XP level 3. HP: 12/32 MP: 3/3
   189 | D:1      | 189 ||| INVOKING Spit Poison.
   196 | D:1      | 196 ||| INVOKING Spit Poison.
   458 | D:1      | 458 ||| INVOKING Spit Poison.
   465 | D:1      | 465 ||| INVOKING Spit Poison.
   506 | D:1      | 506 ||| UPGRADING to +5 ring of evasion.
   507 | D:1      | 507 ||| READING scroll labelled VIGIXU OLA.
   508 | D:1      | 508 ||| READING scroll labelled DEXTEN BUSE.
   609 | D:1      | 609 ||| READING 2 scrolls labelled LEGUEL WIULYC.
   610 | D:1      | 610 ||| DROPPING scroll of butterflies.
   611 | D:1      | 611 ||| DROPPING scroll of blinking.
   653 | D:2      | Noticed Jessica
   656 | D:2      | 656 ||| INVOKING Spit Poison.
   660 | D:2      | 660 ||| INVOKING Spit Poison.
   663 | D:2      | Killed Jessica
   664 | D:2      | Reached skill level 5 in Ranged Weapons
   664 | D:2      | Reached XP level 4. HP: 39/39 MP: 4/4
   706 | D:2      | 706 ||| INVOKING Spit Poison.
   770 | D:2      | 770 ||| INVOKING Spit Poison.
   776 | D:2      | 776 ||| INVOKING Spit Poison.
   781 | D:2      | 781 ||| INVOKING Spit Poison.
   787 | D:2      | 787 ||| INVOKING Spit Poison.
   844 | D:2      | 844 ||| INVOKING Spit Poison.
   882 | D:2      | 882 ||| INVOKING Spit Poison.
   888 | D:2      | 888 ||| INVOKING Spit Poison.
   892 | D:2      | 892 ||| INVOKING Spit Poison.
   898 | D:2      | 898 ||| INVOKING Spit Poison.
  1027 | D:2      | 1027 ||| INVOKING Spit Poison.
  1059 | D:2      | 1059 ||| INVOKING Spit Poison.
  1060 | D:2      | 1060 ||| INVOKING Spit Poison.
  1093 | D:2      | 1093 ||| INVOKING Spit Poison.
  1361 | D:2      | 1361 ||| INVOKING Spit Poison.
  1362 | D:2      | 1362 ||| INVOKING Spit Poison.
  1365 | D:2      | 1365 ||| INVOKING Spit Poison.
  1369 | D:2      | 1369 ||| INVOKING Spit Poison.
  1370 | D:2      | Reached skill level 3 in Fighting
  1423 | D:2      | 1423 ||| UPGRADING to +2 robe.
  1433 | D:2      | 1433 ||| UPGRADING to +0 helmet.
  1438 | D:2      | 1438 ||| DROPPING +0 leather armour.
  1439 | D:2      | 1439 ||| READING 4 scrolls labelled KIRINT FESI.
  1440 | D:2      | 1440 ||| READING scroll labelled CAZYOCZ JAOST.
  1444 | D:2      | 1444 ||| READING scroll labelled MESERU BUUV.
  1445 | D:2      | 1445 ||| DRINKING 2 clear potions.
  1446 | D:2      | 1446 ||| READING 3 scrolls of identify.
  1446 | D:2      | 1446 ||| IDENTIFYING murky emerald potion
  1447 | D:2      | 1447 ||| READING 2 scrolls of identify.
  1447 | D:2      | 1447 ||| IDENTIFYING glowing pink potion
  1448 | D:2      | 1448 ||| DROPPING potion of magic.
  1543 | D:3      | Identified the +4 mace of Sufemm {pain, rElec Str+3 Int+2}
  1571 | D:3      | Found a runed translucent gate.
  1571 | D:3      | Found a runed translucent gate.
  1571 | D:3      | Found a runed translucent gate.
  1573 | D:3      | Noticed qw's ghost (amateur GrFi)
  1573 | D:3      | Noticed qw's ghost (amateur GrHu)
  1596 | D:3      | 1596 ||| INVOKING Spit Poison.
  1599 | D:3      | 1599 ||| INVOKING Spit Poison.
  1602 | D:3      | Reached XP level 5. HP: 33/49 MP: 5/5
  1707 | D:3      | 1707 ||| INVOKING Spit Poison.
  1754 | D:3      | Found a bloodstained altar of Trog.
  1755 | D:3      | 1755 ||| INVOKING Spit Poison.
  1758 | D:3      | 1758 ||| INVOKING Spit Poison.
  1761 | D:3      | 1761 ||| INVOKING Spit Poison.
  1781 | D:3      | 1781 ||| INVOKING Spit Poison.
  1818 | D:3      | 1818 ||| INVOKING Spit Poison.
  1840 | D:3      | 1840 ||| INVOKING Spit Poison.
  1843 | D:3      | 1843 ||| INVOKING Spit Poison.
  1850 | D:3      | 1850 ||| INVOKING Spit Poison.
  1870 | D:3      | 1870 ||| INVOKING Spit Poison.
  1927 | D:3      | 1927 ||| INVOKING Spit Poison.
  1948 | D:3      | 1948 ||| INVOKING Spit Poison.
  1951 | D:3      | 1951 ||| INVOKING Spit Poison.
  1962 | D:3      | 1962 ||| INVOKING Spit Poison.
  1965 | D:3      | 1965 ||| INVOKING Spit Poison.
  1966 | D:3      | 1966 ||| INVOKING Spit Poison.
  2033 | D:3      | 2033 ||| INVOKING Spit Poison.
  2039 | D:3      | 2039 ||| INVOKING Spit Poison.
  2042 | D:3      | 2042 ||| INVOKING Spit Poison.
  2046 | D:3      | 2046 ||| INVOKING Spit Poison.
  2050 | D:3      | 2050 ||| INVOKING Spit Poison.
  2054 | D:3      | 2054 ||| INVOKING Spit Poison.
  2057 | D:3      | 2057 ||| INVOKING Spit Poison.
  2063 | D:3      | 2063 ||| INVOKING Spit Poison.
  2064 | D:3      | Reached skill level 6 in Ranged Weapons
  2215 | D:3      | Noticed qw's ghost (amateur NaHu)
  2216 | D:3      | Noticed qw's ghost (amateur GrHu)
  2219 | D:3      | 2219 ||| READING scroll labelled INE DOSADOI.
  2220 | D:3      | 2220 ||| DRINKING 3 fizzy emerald potions.
  2221 | D:3      | 2221 ||| DROPPING 2 potions of attraction.
  2232 | D:4      | 2232 ||| INVOKING Spit Poison.
  2233 | D:4      | Reached XP level 6. HP: 56/56 MP: 6/6
  2260 | D:4      | 2260 ||| INVOKING Spit Poison.
  2286 | D:4      | Found Forotell's Book Boutique.
  2328 | D:4      | 2328 ||| INVOKING Spit Poison.
  2341 | D:4      | 2341 ||| INVOKING Spit Poison.
  2380 | D:4      | 2380 ||| INVOKING Spit Poison.
  2385 | D:4      | 2385 ||| INVOKING Spit Poison.
  2390 | D:4      | 2390 ||| INVOKING Spit Poison.
  2395 | D:4      | 2395 ||| INVOKING Spit Poison.
  2401 | D:4      | 2401 ||| INVOKING Spit Poison.
  2405 | D:4      | 2405 ||| INVOKING Spit Poison.
  2427 | D:4      | HP: 13/57 [wight/+3 scimitar of freezing (10)]
  2428 | D:4      | 2428 ||| DRINKING potion of heal wounds.
  2432 | D:4      | HP: 5/52 [wight/+3 scimitar of freezing (9)]
  2567 | D:4      | Noticed Pikel
  2568 | D:4      | 2568 ||| INVOKING Spit Poison.
  2573 | D:4      | 2573 ||| INVOKING Spit Poison.
  2576 | D:4      | 2576 ||| INVOKING Spit Poison.
  2583 | D:4      | 2583 ||| INVOKING Spit Poison.
  2587 | D:4      | HP: 13/53 [Pikel/+0 whip of freezing (5)]
  2589 | D:4      | 2589 ||| INVOKING Spit Poison.
  2591 | D:4      | HP: 2/53 [lemure[Pikel] (8)]
  2591 | D:4      | Slain by Pikel

Levels and vault maps discovered:
D:1:      minmay_arrival_glassed_features, layout_basic
D:2:      layout_loops_ring, nrook_mini_backslash, uniq_jessica
D:3:      wad_lake_hut, layout_basic, bloody_trog, gammafunk_ghost_cemetery
D:4:      kennysheep_six_static_rooms, layout_rooms, serial_shops,
          kennysheep_mini_moat, uniq_pikel, uniq_crazy_yiuf_cottage

Skill      XL: |  1  2  3  4  5  6 |
---------------+-------------------+-----
Ranged Weapons | 4 5 6 |  6.0
Fighting       | 3 4 |  4.2
Dodging        | 2 |  2.5
Stealth        | |  1.5

Action                     |  1- 3 |  4- 6 || total
---------------------------+-------+-------++-------
   Fire: Shortbow          |    52 |   197 ||   249
Ability: Spit Poison       |    17 |    56 ||    73
    Use: Scroll            |     3 |     6 ||     9
         Potion            |       |     3 ||     3
 Armour: Leather armour    |     9 |     8 ||    17
         Robe              |       |    13 ||    13
  Dodge: Dodged            |    19 |    95 ||   114

Table legend:
 A = Non-vault XP
 B = Vault XP
 C = Vault XP percentage of total XP
 D = Non-vault monster count
 E = Vault monster count
 F = Vault count percentage of total count
                 A         B        C        D         E       F
            +---------+---------+-------+---------+---------+-------
      Total |     553 |      40 |   6.7 |      74 |       3 |   3.9
            +---------+---------+-------+---------+---------+-------
        D:1 |      44 |       0 |   0.0 |      24 |       0 |   0.0
        D:2 |      61 |      37 |  37.8 |      14 |       1 |   6.7
        D:3 |     175 |       0 |   0.0 |      27 |       0 |   0.0
        D:4 |     273 |       3 |   1.1 |       9 |       2 |  18.2
            +---------+---------+-------+---------+---------+-------
